 Dungeon Crawl Stone Soup version 0.20-a0-854-g0cc194a (console) character file.

158 nht the Chopper (level 5, 0/42 HPs)
             Began as a Hill Orc Gladiator on Mar 11, 2017.
             Was an Initiate of Wu Jian.
             Succumbed to an adder's poison
             ... on level 3 of the Dungeon.
             The game lasted 00:02:28 (2606 turns).

nht the Chopper (Hill Orc Gladiator)                Turns: 2606, Time: 00:02:28

Health: 0/42       AC: 11    Str: 17 (18) XL:     5   Next: 40%
Magic:  5/5        EV:  5    Int:  5 (8)  God:    Wu Jian [......]
Gold:   162        SH:  0    Dex: 10 (12) Spells: 4/4 levels left

rFire    . . .     SeeInvis .   a - +0 war axe
rCold    + . .     Gourm    .   r - +0 plate armour
rNeg     + . .     Faith    .   (no shield)
rPois    .         Spirit   .   c - +0 helmet
rElec    .         Reflect  +   (no cloak)
rCorr    .         Harm     .   (no gloves)
MR       .....                  (no boots)
Stlth    ..........             u - +2 amulet of reflection
Regen    0.2/turn               t - ring of protection from cold
MPRegen  0.1/turn               j - ring of positive energy

@: confused, lethally poisoned (0 -> -4), exhausted, very slightly contaminated,
hasted and slowed, drained
A: no striking features
a: Renounce Religion


You were on level 3 of the Dungeon.
You worshipped Wu Jian.
Wu Jian was noncommittal.
You were hungry.

You visited 1 branch of the dungeon, and saw 4 of its levels.

You collected 162 gold pieces.

Inventory:

Hand Weapons
 a - a +0 war axe (weapon)
Missiles
 d - 3 throwing nets (quivered)
Armour
 b - a +0 leather armour
 c - a +0 helmet (worn)
 r - a +0 plate armour (worn)
Jewellery
 j - a ring of positive energy (left hand)
 s - an uncursed ring of fire
 t - a ring of protection from cold (right hand)
 u - a +2 amulet of reflection (around neck)
Scrolls
 e - 3 scrolls of identify {unknown}
 g - 2 scrolls of enchant armour {unknown}
 l - 2 scrolls of remove curse {unknown}
 n - a scroll of blinking {unknown}
Potions
 p - 2 potions of berserk rage
 q - a potion of haste
Comestibles
 f - 3 bread rations
 i - 2 fruits
 k - a royal jelly
 m - 2 meat rations
 v - 5 chunks of flesh


   Skills:
 - Level 2.4(1.4) Fighting
 + Level 7.8(6.7) Axes
 - Level 1.7(0.8) Throwing
 - Level 2.4(1.4) Dodging


You had 4 spell levels left.
You didn't know any spells.

Dungeon Overview and Level Annotations

Branches:
Dungeon (4/15)
 Temple: D:4-7

Altars:
Kikubaaqudgha
Makhleb
Wu Jian
Xom


Message History

You see here an adder corpse.
You miss something.
* * * LOW HITPOINT WARNING * * *
You feel sick.
You hear some strange, mumbled words.
You are more confused.
You miss something.
* * * LOW HITPOINT WARNING * * *
You feel sick.
You hear some strange, mumbled words.
A puff of flame appears from out of thin air!
The puff of flame hits you!
* * * LOW HITPOINT WARNING * * *
Something hits you but does no damage.
It was a potion of haste.
You feel yourself speed up.
Something hits you but does no damage. x2
You are very lightly contaminated with residual magic.
Unknown command.
You completely miss something.
You die... ██████

██████████████.....
█>@..........'.....
█{█.██████████.....
█.█.██.......█....)
█.█.██.......██████
█....'.......+.....
███.██>......██████
█.██...[...████ █
█.............█ █
████████...██.█


There were no monsters in sight!

Vanquished Creatures
  An orc priest (D:3)
  5 adders
  An ooze (D:2)
  3 worms (D:3)
  5 dart slugs
  4 leopard geckos
  6 orcs
  A ball python (D:3)
  8 bats
  4 giant cockroaches
  3 goblins (D:3)
  3 hobgoblins
  2 quokkas (D:2)
  2 frilled lizards
  4 kobolds
  4 rats
56 creatures vanquished.

Notes
Turn   | Place    | Note
-------+----------+-------------------------------------------
     0 | D:1      | nht the Hill Orc Gladiator began the quest for the Orb.
     0 | D:1      | Reached XP level 1. HP: 18/18 MP: 1/1
   337 | D:1      | Reached XP level 2. HP: 10/25 MP: 2/2
   675 | D:1      | Reached skill level 5 in Axes
   994 | D:2      | Reached XP level 3. HP: 25/30 MP: 3/3
  1448 | D:2      | Reached skill level 6 in Axes
  1582 | D:2      | Reached XP level 4. HP: 37/37 MP: 4/4
  1935 | D:3      | Found an ornate altar of the Wu Jian Council.
  1936 | D:3      | Found an ancient bone altar of Kikubaaqudgha.
  1937 | D:3      | Found a burning altar of Makhleb.
  1937 | D:3      | Found a shimmering altar of Xom.
  1948 | D:3      | Became a worshipper of the Wu Jian Council
  2280 | D:3      | Reached skill level 7 in Axes
  2575 | D:3      | Reached XP level 5. HP: 42/42 MP: 5/5
  2604 | D:3      | HP: 1/42 [something/puff of flame (4)]
  2606 | D:3      | Succumbed to an adder's poison

Vault maps used:
D:1:      minmay_arrival_loop
D:2:      cheibrodos_helix_gallery
D:3:      chequers_temple_overflow_statue_of_worship, first_bread,
          roderic_serpentine_path
D:4:      overflow_temple_1_default, serial_shops, shop

Skill      XL: |  1  2  3  4 |
---------------+-------------+-----
Axes           | 5 6 7 |  7.8
Fighting       | |  2.4
Throwing       | |  1.7
Dodging        | |  2.4

Action                   |  1- 3 |  4- 6 || total
-------------------------+-------+-------++-------
Melee: War axe           |   101 |    89 ||   190
  Use: Potion            |     1 |     4 ||     5
 Stab: Sleeping          |     1 |       ||     1
  Eat: Chunk             |     2 |     3 ||     5
Armor: Leather armour    |    31 |       ||    31
       Skin              |     1 |       ||     1
       Plate armour      |       |    72 ||    72
Dodge: Dodged            |    78 |    29 ||   107
Block: Other             |       |     5 ||     5
